Map: Kairos Junction LE

Players

Lambo - Winner!

  • Race: Zerg Zerg
  • League: Grandmaster
  • Spawn Location: 11:00

llllllllllll (Stats)

  • Race: Protoss Protoss
  • League: Grandmaster
  • Spawn Location: 5:00

Event: HomeStory Cup XIX

VOD

Have the link to the VOD?

Description

Time

  • Played on: June 29, 2019, 9:52 a.m.
  • Length: 9:51

All games in this series

Show
View Real Time Build Order
Export as new Build Order

Lambo Zerg - Winner!

Build Orders: Hatch First 

Get SALT Encoding   

  12  0:00  Drone  
  13  0:12  Overlord  
  13  0:17  Drone  
  14  0:31  Drone x2  
  16  0:49  Hatchery  
  15  0:52  Drone  
  15  0:55  Drone  
  17  0:58  Drone  
  18  1:10  Extractor  
  17  1:14  Spawning Pool  
  16  1:18  Drone  
  16  1:21  Drone  
  18  1:28  Drone  
  19  1:41  Drone  
  20  1:51  Overlord  
  20  2:00  Queen  
  22  2:02  Queen, Drone  
  22  2:03  Zergling x2  
  26  2:14  Metabolic Boost  
  26  2:15  Zergling x2  
  27  2:17  Drone  
  27  2:22  Drone  
  29  2:35  Hatchery  
  28  2:39  Drone  
  29  2:48  Drone x3  
  29  2:49  Overlord  
  32  2:59  Zergling x2  
  32  3:04  Drone  
  32  3:05  Queen  
  36  3:10  Drone x3  
  39  3:13  Drone  
  39  3:14  Drone  
  39  3:18  Zergling x2  
  42  3:20  Zergling x2  
  42  3:21  Overlord  
  43  3:29  Drone  
  43  3:32  Overlord  
  44  3:38  Overlord  
  44  3:39  Drone  
  45  3:43  Overlord  
  45  3:47  Overlord  
  45  3:49  Drone x3  
  45  3:52  Drone  
  45  3:55  Queen  
  51  3:58  Drone  
  51  4:00  Drone  
  51  4:02  Drone  
  54  4:07  Roach Warren  
  54  4:09  Extractor, Drone x2  
  54  4:14  Drone  
  54  4:16  Drone x3  
  58  4:18  Drone  
  58  4:20  Drone  
  58  4:21  Drone  
  58  4:23  Drone  
  62  4:31  Extractor  
  61  4:36  Drone  
  61  4:37  Overlord  
  62  4:40  Zergling x6  
  65  4:47  Zergling x6  
  65  4:50  Overlord  
  81  4:52  Roach  
  81  4:53  Roach x6  
  81  4:59  Roach x3  
  89  5:10  Overlord  
  89  5:11  Roach x2  
  91  5:15  Ravager x2  
  91  5:17  Zergling x8, Roach  
  95  5:22  Zergling x6  
  97  5:28  Overlord  
  97  5:29  Zergling x2  
  97  5:30  Zergling x2, Roach  
  97  5:31  Ravager x2  
  102  5:36  Roach  
  102  5:42  Drone  
  105  5:44  Extractor, Overlord  
  105  5:45  Overlord  
  105  5:48  Lair, Drone  
  105  5:49  Drone x2  
  107  5:52  Drone x3  
  107  5:55  Zergling x2, Roach  
  113  6:02  Overlord  
  113  6:05  Overlord  
  113  6:09  Overlord  
  113  6:10  Extractor, Drone  
  113  6:16  Roach x3  
  113  6:17  Roach x4  
  127  6:19  Roach  
  127  6:21  Roach x2  
  133  6:27  Zergling x2, Roach x2  
  133  6:31  Drone  
  139  6:37  Roach x2, Evolution Chamber  
  142  6:42  Ravager  
  142  6:43  Drone  
  142  6:45  Roach x4  
  152  6:48  Roach  
  152  6:53  Overlord, Glial Reconstitution  
  154  6:58  Baneling Nest  
  154  6:59  Overlord  
  154  7:01  Overlord  
  153  7:02  Overlord  
  153  7:05  Overlord  
  153  7:07  Overlord  
  152  7:10  Overlord  
  152  7:12  Overlord  
  152  7:15  Ravager x2  
  153  7:20  Roach x3  
  159  7:23  Zerg Missile Weapons Level 1  
  159  7:26  Roach x2  
  163  7:30  Zergling x6  
  163  7:34  Drone x2  
  163  7:35  Zergling x4  
  170  7:42  Zergling x12  
  174  7:46  Centrifical Hooks  
  174  7:48  Roach  
  174  7:50  Ravager  
  177  7:53  Baneling  
  177  7:54  Zergling x4, Baneling x4  
  176  8:01  Zergling x10  
  181  8:06  Zergling x8  
  181  8:12  Baneling x9  
  184  8:18  Zergling x12  
  188  8:21  Baneling x4  
  189  8:27  Zergling x10  
  191  8:37  Baneling x8  
  191  8:42  Baneling  
  191  8:45  Zergling x16  
  191  8:46  Baneling x3  
  191  8:47  Baneling  
  199  8:56  Baneling x5  
  199  8:59  Zergling x4  
  200  9:08  Baneling x5  
  192  9:10  Roach x2  
  192  9:13  Zergling x8  
  192  9:16  Roach  
  192  9:17  Zergling x2, Roach x2  
  186  9:18  Roach  
  186  9:19  Zergling x2  
  186  9:21  Zergling x10  
  186  9:25  Zergling x2  
  186  9:29  Zergling x4  
  186  9:30  Ravager  
  182  9:33  Overseer  
Show
View Real Time Build Order
Export as new Build Order

llllllllllll Protoss 

Build Orders: 1 Gate Expand, Archon Immortal 

Get SALT Encoding   

  12  0:00  Probe  
  13  0:12  Probe  
  14  0:18  Pylon  
  14  0:24  Probe  
  15  0:33  Probe  
  15  0:41  Probe  
  16  0:43  Gateway  
  16  0:47  Assimilator  
  17  0:51  Probe  
  18  1:03  Probe  
  19  1:15  Probe  
  20  1:24  Nexus  
  20  1:34  Cybernetics Core  
  20  1:36  Probe  
  21  1:41  Assimilator  
  21  1:48  Probe  
  21  1:52  Pylon  
  22  2:00  Adept, Probe  
  23  2:13  Probe  
  23  2:14  Robotics Facility  
  26  2:22  Warp Gate  
  26  2:25  Probe  
  27  2:30  Stalker  
  27  2:32  Probe  
  27  2:33  Probe  
  31  2:40  Probe  
  31  2:41  Probe  
  32  2:50  Probe  
  33  2:51  Probe  
  33  2:55  Warp Prism  
  35  3:01  Sentry  
  35  3:02  Probe  
  35  3:03  Probe  
  41  3:10  Pylon  
  41  3:15  Probe x2  
  43  3:21  Gateway  
  43  3:25  Immortal  
  43  3:27  Probe x2  
  49  3:40  Probe x2  
  49  3:41  Pylon  
  51  3:47  Assimilator  
  51  3:55  Immortal, Probe x2  
  57  4:10  Gateway  
  57  4:11  Probe  
  57  4:12  Gateway  
  58  4:18  Gateway  
  58  4:19  Pylon  
  58  4:20  Sentry  
  58  4:21  Sentry  
  62  4:27  Gateway  
  62  4:29  Immortal  
  66  4:40  Gateway  
  66  4:43  Pylon  
  66  4:48  Pylon  
  66  4:50  Sentry x2  
  70  4:55  Pylon  
  70  5:00  Assimilator  
  70  5:01  Probe x2  
  70  5:02  Pylon  
  70  5:06  Observer  
  73  5:25  Zealot x4  
  73  5:26  Zealot x2  
  85  5:31  Shield Battery  
  85  5:34  Adept  
  87  5:40  Pylon  
  87  5:43  Probe  
  87  5:47  Pylon, Stalker x3  
  87  5:49  Zealot  
  96  6:02  Zealot x2  
  96  6:03  Zealot  
  102  6:06  Forge  
  102  6:09  Twilight Council  
  102  6:32  Pylon  
  102  6:33  Pylon  
  102  6:34  Charge  
  102  6:38  Zealot x3  
  102  6:39  Zealot x4  
  116  6:42  Protoss Ground Weapons Level 1  
  116  6:43  Pylon  
  116  6:56  Templar Archives  
  116  7:15  Immortal  
  116  7:16  Zealot  
  122  7:26  Probe  
  122  7:27  Probe  
  124  7:36  Nexus, High Templar  
  124  7:37  Pylon, High Templar x5  
  128  7:39  Probe x2  
  128  7:41  Archon x2  
  128  7:42  Archon  
  138  7:46  Immortal  
  142  8:19  Probe x2  
  144  8:20  Zealot x2  
  144  8:21  Zealot  
  144  8:22  Shield Battery  
  144  8:24  Pylon  
  150  8:27  Pylon  
  150  8:42  Probe x2  
  152  8:49  Probe  
  152  8:51  Photon Cannon  
  152  8:53  Photon Cannon  
  152  8:54  Probe x2  
  155  8:58  Photon Cannon  
  155  9:01  High Templar x2  
  121  9:21  Zealot x4  
  121  9:22  Zealot  
  101  9:30  Zealot x5  
  81  9:33  Zealot x2  
  87  9:38  Archon  
Tags
 
Add a new tag
Caveats
  • Supply blocks, unpowered buildings, or Contaminate may cause inaccurate times.
  • Supply counts are checked every 10 seconds.